TOP OF THE 1ST |
Saskatoon Smokin' Guns batting - Pitching for Surrey Sinners : RHP Robinson Flores
|
Pitching: RHP Robinson Flores
|
|
Batting: RHB Pedro Cabrera
|
0-0: Foul Ball, location: 2F 0-1: Foul Ball, location: 2F 0-2: Ball 1-2: Ball 2-2: Ball 3-2: Base on Balls
|
Batting: RHB Julián García
|
0-0: Ball 1-0: Ball 2-0: Fly out, F8 (Line Drive, 8LM)
|
Batting: RHB Johnny Hawson
|
0-0: Called Strike Pedro Cabrera steals 2nd base 0-1: Fly out, F7 (Flyball, 78S)
|
Batting: LHB José Domínguez
|
0-0: Ball 1-0: Ball 2-0: Swinging Strike 2-1: Ball 3-1: Base on Balls
|
Batting: RHB Joaquín Luna
|
0-0: Ball 1-0: Ball 2-0: Ball 3-0: Base on Balls Pedro Cabrera to third José Domínguez to second
|
Batting: LHB Rubén Salazar
|
0-0: Called Strike 0-1: Foul Ball, location: 2F 0-2: Ball 1-2: Ball 2-2: Foul Ball, location: 2F 2-2: Strikes out swinging
|
Top of the 1st over - 0 run(s), 0 hit(s), 0 error(s), 3 left on base; Saskatoon 0 - Surrey 0 |
BOTTOM OF THE 1ST |
Surrey Sinners batting - Pitching for Saskatoon Smokin' Guns : RHP Denny Koch
|
Pitching: RHP Denny Koch
|
|
Batting: RHB Marcos Liñares
|
0-0: Called Strike 0-1: Ball 1-1: Called Strike 1-2: Ball 2-2: Foul Ball, location: 2F 2-2: Strikes out looking
|
Batting: RHB Mitchell Darragh
|
0-0: Ball 1-0: Reached on error, E5 (Groundball, 56S)
|
Batting: SHB António Ramos
|
0-0: Ball 1-0: Called Strike Mitchell Darragh steals 2nd base 1-1: Swinging Strike 1-2: Fly out, F4 (Popup, 34)
|
Batting: LHB Juan Hinojosa
|
0-0: Ball 1-0: Ball 2-0: Ball 3-0: Called Strike 3-1: Base on Balls
|
Batting: RHB Roberto Ybarra
|
0-0: Ball 1-0: Reached on error, E9 (Flyball, 9S) Mitchell Darragh scores Juan Hinojosa to third
|
Batting: RHB Clarence Harrison
|
0-0: Called Strike 0-1: TRIPLE (Line Drive, 89XD) Juan Hinojosa scores Roberto Ybarra scores
|
Batting: RHB Jason Nava
|
0-0: Ball 1-0: Called Strike 1-1: Ball Wild Pitch! Clarence Harrison scores 2-1: Swinging Strike 2-2: Strikes out swinging
|
Bottom of the 1st over - 4 run(s), 1 hit(s), 2 error(s), 0 left on base; Saskatoon 0 - Surrey 4 |
TOP OF THE 2ND |
Saskatoon Smokin' Guns batting - Pitching for Surrey Sinners : RHP Robinson Flores
|
Batting: RHB Rafael Gonzáles
|
0-0: Ball 1-0: Ball 2-0: Called Strike 2-1: Ball 3-1: Base on Balls
|
Batting: RHB Henry Jackson
|
0-0: Ball 1-0: Called Strike 1-1: Swinging Strike 1-2: Ball 2-2: Strikes out swinging
|
Batting: RHB Artie Turner
|
0-0: Ball 1-0: Called Strike 1-1: Ball 2-1: Swinging Strike 2-2: Ball 3-2: Strikes out looking Rafael Gonzáles steals 2nd base Batter strikes out.
|
Batting: RHB Pedro Cabrera
|
0-0: Called Strike 0-1: Ball 1-1: Ground out 5-3 (Groundball, 56)
|
Top of the 2nd over - 0 run(s), 0 hit(s), 0 error(s), 1 left on base; Saskatoon 0 - Surrey 4 |
BOTTOM OF THE 2ND |
Surrey Sinners batting - Pitching for Saskatoon Smokin' Guns : RHP Denny Koch
|
Batting: RHB Robert Koremans
|
0-0: Swinging Strike 0-1: Hit by Pitch
|
Batting: LHB Jorge Martínez
|
0-0: Called Strike 0-1: Called Strike 0-2: Ball 1-2: Strikes out swinging
|
Batting: RHB Marcos Liñares
|
0-0: Called Strike 0-1: Ground out 4-3 (Groundball, 4S) Robert Koremans to second
|
Batting: RHB Mitchell Darragh
|
0-0: Ball 1-0: Ball 2-0: Foul Ball, location: 2F 2-1: Ground out 5-3 (Groundball, 56)
|
Bottom of the 2nd over - 0 run(s), 0 hit(s), 0 error(s), 1 left on base; Saskatoon 0 - Surrey 4 |
TOP OF THE 3RD |
Saskatoon Smokin' Guns batting - Pitching for Surrey Sinners : RHP Robinson Flores
|
Batting: RHB Julián García
|
0-0: Ball 1-0: Foul Ball, location: 2F 1-1: Swinging Strike 1-2: Foul Ball, location: 2F 1-2: Strikes out swinging
|
Batting: RHB Johnny Hawson
|
0-0: SOLO HOME RUN (Flyball, 8LXD), Distance : 416 ft
|
Batting: LHB José Domínguez
|
0-0: Ball 1-0: Foul Ball, location: 2F 1-1: Swinging Strike 1-2: Foul Ball, location: 2F 1-2: Strikes out swinging
|
Batting: RHB Joaquín Luna
|
0-0: Ball 1-0: Ball 2-0: Foul Ball, location: 2F 2-1: Ball 3-1: Base on Balls
|
Batting: LHB Rubén Salazar
|
0-0: Ball 1-0: Fly out, F5 (Flyball, 56D)
|
Top of the 3rd over - 1 run(s), 1 hit(s), 0 error(s), 1 left on base; Saskatoon 1 - Surrey 4 |
BOTTOM OF THE 3RD |
Surrey Sinners batting - Pitching for Saskatoon Smokin' Guns : RHP Denny Koch
|
Batting: SHB António Ramos
|
0-0: Ball 1-0: Hit by Pitch
|
Batting: LHB Juan Hinojosa
|
0-0: Ball António Ramos is caught stealing 2nd base 1-0: Ball 2-0: Called Strike 2-1: Foul Ball, location: 2F 2-2: Ground out 4-3 (Groundball, 34)
|
Batting: RHB Roberto Ybarra
|
0-0: Ball 1-0: Swinging Strike 1-1: DOUBLE (Flyball, 89D)
|
Batting: RHB Clarence Harrison
|
0-0: Foul Ball, location: 2F 0-1: Ball 1-1: Ball 2-1: Ground out 4-3 (Groundball, 4)
|
Bottom of the 3rd over - 0 run(s), 1 hit(s), 0 error(s), 1 left on base; Saskatoon 1 - Surrey 4 |
TOP OF THE 4TH |
Saskatoon Smokin' Guns batting - Pitching for Surrey Sinners : RHP Robinson Flores
|
Batting: RHB Rafael Gonzáles
|
0-0: Swinging Strike 0-1: Ball 1-1: Ball 2-1: Foul Ball, location: 2F 2-2: Fly out, F9 (Flyball, 9S)
|
Batting: RHB Henry Jackson
|
0-0: Called Strike 0-1: Ball 1-1: Ball 2-1: Foul Ball, location: 2F 2-2: Ground out 5-3 (Groundball, 56)
|
Batting: RHB Artie Turner
|
0-0: Foul Ball, location: 2F 0-1: Foul Ball, location: 2F 0-2: Ball 1-2: Strikes out swinging
|
Top of the 4th over - 0 run(s), 0 hit(s), 0 error(s), 0 left on base; Saskatoon 1 - Surrey 4 |
BOTTOM OF THE 4TH |
Surrey Sinners batting - Pitching for Saskatoon Smokin' Guns : RHP Denny Koch
|
Batting: RHB Jason Nava
|
0-0: Bunt missed! 0-1: Ball 1-1: Ball 2-1: Foul Ball, location: 2F 2-2: Strikes out swinging
|
Batting: RHB Robert Koremans
|
0-0: Fly out, F8 (Flyball, 78M)
|
Batting: LHB Jorge Martínez
|
0-0: Ball 1-0: Swinging Strike 1-1: DOUBLE (Line Drive, 3D)
|
Batting: RHB Marcos Liñares
|
0-0: Ball 1-0: Called Strike 1-1: Ground out 4-3 (Groundball, 4)
|
Bottom of the 4th over - 0 run(s), 1 hit(s), 0 error(s), 1 left on base; Saskatoon 1 - Surrey 4 |
TOP OF THE 5TH |
Saskatoon Smokin' Guns batting - Pitching for Surrey Sinners : RHP Robinson Flores
|
Batting: RHB Pedro Cabrera
|
0-0: Ball 1-0: Ball 2-0: Ball 3-0: Called Strike 3-1: Called Strike 3-2: Base on Balls
|
Batting: RHB Julián García
|
0-0: Ball 1-0: Called Strike 1-1: Ball 2-1: Fly out, F6 (Popup, 6)
|
Pitching: RHP Doug Spencer
|
|
Batting: RHB Johnny Hawson
|
0-0: Ball 1-0: Foul Ball, location: 2F 1-1: DOUBLE (Line Drive, 7LM) Pedro Cabrera to third Runner from 3rd tries for Home, SAFE, no throw
|
Batting: LHB José Domínguez
|
0-0: Ball 1-0: Foul Ball, location: 2F 1-1: Swinging Strike 1-2: SINGLE (Groundball, 56S) (infield hit) Johnny Hawson to third
|
Batting: RHB Joaquín Luna
|
0-0: Foul Ball, location: 2F 0-1: Swinging Strike 0-2: Foul Ball, location: 2F 0-2: Strikes out looking
|
Batting: LHB Rubén Salazar
|
0-0: Ground out 4-3 (Groundball, 4M)
|
Top of the 5th over - 1 run(s), 2 hit(s), 0 error(s), 2 left on base; Saskatoon 2 - Surrey 4 |
BOTTOM OF THE 5TH |
Surrey Sinners batting - Pitching for Saskatoon Smokin' Guns : RHP Denny Koch
|
Batting: RHB Mitchell Darragh
|
0-0: Ball 1-0: Ball 2-0: Ball 3-0: Called Strike 3-1: Base on Balls
|
Batting: SHB António Ramos
|
0-0: Called Strike 0-1: Ball 1-1: Ball 2-1: Ball 3-1: Foul Ball, location: 2F 3-2: Foul Ball, location: 2F 3-2: Fielders Choice at 2nd, 6-4 (Groundball, 6)
|
Batting: LHB Juan Hinojosa
|
0-0: DOUBLE (Line Drive, 9D) António Ramos to third Runner from 3rd tries for Home, SAFE, no throw
|
Pitching: RHP Luis Mejía
|
|
Batting: RHB Roberto Ybarra
|
0-0: Called Strike 0-1: Swinging Strike 0-2: Ball 1-2: Ball 2-2: Strikes out looking
|
Batting: RHB Clarence Harrison
|
0-0: Called Strike 0-1: Foul Ball, location: 2F 0-2: DOUBLE (Line Drive, 7LM) Juan Hinojosa scores
|
Batting: RHB Jason Nava
|
0-0: Ground out 6-3 (Groundball, 6S)
|
Bottom of the 5th over - 2 run(s), 2 hit(s), 0 error(s), 1 left on base; Saskatoon 2 - Surrey 6 |
TOP OF THE 6TH |
Saskatoon Smokin' Guns batting - Pitching for Surrey Sinners : RHP Doug Spencer
|
Batting: RHB Rafael Gonzáles
|
0-0: Ball 1-0: Fly out, F6 (Line Drive, 6)
|
Batting: RHB Henry Jackson
|
0-0: Called Strike 0-1: Ground out 6-3 (Groundball, 6)
|
Batting: RHB Artie Turner
|
0-0: Called Strike 0-1: Called Strike 0-2: SINGLE (Groundball, 6MD)
|
Batting: RHB Pedro Cabrera
|
0-0: Ball 1-0: Foul Ball, location: 2F 1-1: Fly out, F8 (Flyball, 8RM)
|
Top of the 6th over - 0 run(s), 1 hit(s), 0 error(s), 1 left on base; Saskatoon 2 - Surrey 6 |
BOTTOM OF THE 6TH |
Surrey Sinners batting - Pitching for Saskatoon Smokin' Guns : RHP Luis Mejía
|
Batting: RHB Robert Koremans
|
0-0: Ball 1-0: Called Strike 1-1: Ball 2-1: DOUBLE (Line Drive, 9LS)
|
Batting: LHB Jorge Martínez
|
0-0: Ball 1-0: DOUBLE (Flyball, 78D) Robert Koremans scores
|
Batting: RHB Marcos Liñares
|
0-0: Ground out 4-3 (Groundball, 4) Jorge Martínez to third
|
Batting: RHB Mitchell Darragh
|
0-0: Ball 1-0: Fly out, F9 (Flyball, 9S)
|
Batting: SHB António Ramos
|
0-0: Ball 1-0: Ball 2-0: Ball 3-0: Called Strike 3-1: Base on Balls
|
Batting: LHB Juan Hinojosa
|
0-0: Ball 1-0: Ball 2-0: Called Strike 2-1: Ground out 4-3 (Groundball, 34)
|
Bottom of the 6th over - 1 run(s), 2 hit(s), 0 error(s), 2 left on base; Saskatoon 2 - Surrey 7 |
TOP OF THE 7TH |
Saskatoon Smokin' Guns batting - Pitching for Surrey Sinners : RHP Doug Spencer
|
Batting: RHB Julián García
|
0-0: Ball 1-0: Ball 2-0: Called Strike 2-1: Foul Ball, location: 2F 2-2: SINGLE (Flyball, 89M)
|
Batting: RHB Johnny Hawson
|
0-0: Ball 1-0: Ball 2-0: Called Strike 2-1: Ball 3-1: Base on Balls Julián García to second
|
Batting: LHB José Domínguez
|
0-0: Foul Ball, location: 2F 0-1: Hit by Pitch Julián García to third Johnny Hawson to second
|
Batting: RHB Joaquín Luna
|
0-0: Ball 1-0: Called Strike 1-1: Swinging Strike 1-2: Ball 2-2: Foul Ball, location: 2F 2-2: Foul Ball, location: 2F 2-2: Ball 3-2: Foul Ball, location: 2F 3-2: Base on Balls Julián García scores Johnny Hawson to third José Domínguez to second
|
Pitching: LHP Werner Corona
|
|
Batting: LHB Rubén Salazar
|
0-0: Swinging Strike Passed Ball! Johnny Hawson scores José Domínguez to third Joaquín Luna to second 0-1: Foul Ball, location: 2F 0-2: Ball 1-2: Foul Ball, location: 2F 1-2: Foul Ball, location: 2F 1-2: Ball 2-2: Foul Ball, location: 2F 2-2: SINGLE (Line Drive, 4M) José Domínguez scores Joaquín Luna to third Runner from 3rd tries for Home, SAFE, no throw
|
Pitching: LHP Ramón Cardenas
|
|
Pinch Hitting: RHB Justin Geoghegan
|
0-0: Ball 1-0: Foul Ball, location: 2F 1-1: Ball 2-1: Sac Bunt - play at first, batter OUT! 3-4 Rubén Salazar to second
|
Pinch Hitting: RHB Brendon Little
|
0-0: Ball 1-0: Ball 2-0: Ball 3-0: Base on Balls
|
Batting: RHB Artie Turner
|
0-0: Ball 1-0: Ball 2-0: Ball 3-0: Called Strike 3-1: Foul Ball, location: 2F 3-2: Strikes out swinging
|
Batting: RHB Pedro Cabrera
|
0-0: Called Strike 0-1: Ball 1-1: Foul Ball, location: 2F 1-2: Fielders Choice at 2nd, 6-4 (Groundball, 6)
|
Top of the 7th over - 4 run(s), 2 hit(s), 0 error(s), 1 left on base; Saskatoon 6 - Surrey 7 |
BOTTOM OF THE 7TH |
Surrey Sinners batting - Pitching for Saskatoon Smokin' Guns : RHP Luis Mejía
|
Now at 2B: Justin Geoghegan
|
|
Now in CF: Brendon Little
|
|
Batting: RHB Roberto Ybarra
|
0-0: Called Strike 0-1: Swinging Strike 0-2: Strikes out looking
|
Batting: RHB Clarence Harrison
|
0-0: Ball 1-0: Ball 2-0: Ball 3-0: Base on Balls
|
Pinch Hitting: SHB Norberto Muñóz
|
0-0: Ball 1-0: Ball 2-0: Called Strike 2-1: Ground out U3 (Groundball, 3S) Clarence Harrison to second
|
Batting: RHB Robert Koremans
|
0-0: Ground out 5-3 (Groundball, 56)
|
Bottom of the 7th over - 0 run(s), 0 hit(s), 0 error(s), 1 left on base; Saskatoon 6 - Surrey 7 |
TOP OF THE 8TH |
Saskatoon Smokin' Guns batting - Pitching for Surrey Sinners : LHP Ramón Cardenas
|
Pitching: RHP Jim Rawnsley
|
|
Now at 3B: John Stevens
|
|
Batting: RHB Julián García
|
0-0: Called Strike 0-1: Ball 1-1: Ball 2-1: Ground out 5-3 (Groundball, 56)
|
Batting: RHB Johnny Hawson
|
0-0: Ball 1-0: Hit by Pitch
|
Pitching: LHP Clarence Gill
|
|
Batting: LHB José Domínguez
|
0-0: Ball 1-0: Swinging Strike 1-1: Ball 2-1: Ball 3-1: Ground out 4-3 (Groundball, 34) Johnny Hawson to second
|
Pitching: RHP Mike Alexander
|
|
Batting: RHB Joaquín Luna
|
0-0: Called Strike 0-1: Foul Ball, location: 2F 0-2: Foul Ball, location: 2F 0-2: Strikes out swinging
|
Top of the 8th over - 0 run(s), 0 hit(s), 0 error(s), 1 left on base; Saskatoon 6 - Surrey 7 |
BOTTOM OF THE 8TH |
Surrey Sinners batting - Pitching for Saskatoon Smokin' Guns : RHP Luis Mejía
|
Batting: LHB Jorge Martínez
|
0-0: Called Strike 0-1: Called Strike 0-2: Ball 1-2: Strikes out looking
|
Batting: RHB Marcos Liñares
|
0-0: Ball 1-0: Called Strike 1-1: Called Strike 1-2: Ground out 4-3 (Groundball, 4)
|
Batting: RHB Mitchell Darragh
|
0-0: Swinging Strike 0-1: Foul Ball, location: 2F 0-2: Ball 1-2: Strikes out swinging
|
Bottom of the 8th over - 0 run(s), 0 hit(s), 0 error(s), 0 left on base; Saskatoon 6 - Surrey 7 |
TOP OF THE 9TH |
Saskatoon Smokin' Guns batting - Pitching for Surrey Sinners : RHP Mike Alexander
|
Pitching: LHP Miguel Pazo
|
|
Pinch Hitting: RHB Ismael Ortíz
|
0-0: Ball 1-0: Ball 2-0: Foul Ball, location: 2F 2-1: Fly out, F5 (Popup, 56S)
|
Batting: RHB Justin Geoghegan
|
0-0: Called Strike 0-1: Ball 1-1: Ball 2-1: Ball 3-1: Ground out 6-3 (Groundball, 56)
|
Batting: RHB Brendon Little
|
0-0: Swinging Strike 0-1: Called Strike 0-2: SINGLE (Groundball, 6MD)
|
Batting: RHB Artie Turner
|
0-0: Fielders Choice at 2nd, 6-4 (Groundball, 56)
|
Top of the 9th over - 0 run(s), 1 hit(s), 0 error(s), 0 left on base; Saskatoon 6 - Surrey 7 |
|